 Seeded DCSS version 0.29.1-12-g30fa7ad0bf (webtiles) character file.

Game seed: 9845822215292249863 (custom seed)

35 OTABOTABOTAB the Insei (level 3, 24/24 HPs)
             Began as an Octopode Transmuter on Jan 10, 2023.
             Quit the game on level 1 of the Dungeon.
             The game lasted 00:02:18 (931 turns).

OTABOTABOTAB the Insei (Octopode Transmuter)         Turns: 931, Time: 00:02:18

Health: 24/24      AC:  1    Str:  9    XL:     3   Next: 33%
Magic:  6/6        EV: 13    Int: 17    God:
Gold:   2846       SH:  0    Dex: 12    Spells: 3/6 levels left

rFire   . . .      SeeInvis .     - Unarmed
rCold   . . .      Faith    .   (no shield)
rNeg    . . .      Spirit   .   (helmet restricted)
rPois   .          Reflect  .   g - amulet of the acrobat
rElec   .          Harm     .   W - ring of willpower
rCorr   .          Rampage  .   (no ring)
Will    +....                   (no ring)
Stlth   ++........              (no ring)
HPRegen 0.08/turn               (no ring)
MPRegen 0.10/turn               (no ring)
                                (no ring)
                                (no ring)

@: no status effects
A: almost no armour, amphibious, 8 rings, camouflage 1, gelatinous body 1,
(nimble swimmer 1), tentacles
a: no special abilities


You were on level 1 of the Dungeon.
You visited 1 branch of the dungeon, and saw 1 of its levels.

You collected 2846 gold pieces.

Inventory:

Missiles
 c - 5 poisoned darts
 s - 11 stones
Magical Staves
 h - a staff of conjuration
   (You found it on level 1 of the Dungeon)
Jewellery
 g - an amulet of the acrobat (around mantle)
   (You found it on level 1 of the Dungeon)
 W - a ring of willpower (left tentacle)
   (You found it on level 1 of the Dungeon)
Scrolls
 a - a scroll of teleportation {unknown}
 b - a scroll of identify {unknown}
 f - a scroll of amnesia {unknown}
Potions
 d - a potion of curing {unknown}
 i - a potion of magic {unknown}
 j - a potion of heal wounds {unknown}
 P - a potion of lignification {!q}


   Skills:
 + Level 1.9 Fighting
 - Level 2.0 Dodging
 + Level 3.5 Unarmed Combat
 - Level 2.0 Spellcasting
 + Level 2.6 Transmutations


You had 3 spell levels left.
You knew the following spells:

 Your Spells              Type           Power      Damage    Failure   Level
a - Beastly Appendage     Tmut           20%        N/A       7%          1
b - Wereblood             Tmut           10%        N/A       10%         2

Your spell library contained the following spells:

 Spells                   Type           Power      Damage    Failure   Level
 Spider Form              Tmut/Pois      6%         N/A       34%         3
 Ice Form                 Ice/Tmut       6%         N/A       75%         4


Dungeon Overview and Level Annotations

Branches:
Dungeon (1/15)

Altars:


Innate Abilities, Weirdness & Mutations

You cannot wear most types of armour.
You are amphibious.
You can wear up to eight rings at the same time.
Your skin changes colour to match your surroundings (Stealth+).
Your rubbery body absorbs attacks. (AC +1, EV +1)
((You are camouflaged when in or above water. (Stealth+)))
You have tentacles for arms and can constrict up to eight enemies at once.


Message History

h - a staff of conjuration
e - 3 scrolls labelled VOSEFAQATU (gained 2)
You tentacle-slap the quokka. Your grab misses the quokka.
You squeeze the quokka.
You kill the quokka!
Health restored: 19 No target in view!
Unknown command.
No target in view!
W - a ring of willpower
W - a ring of willpower (left tentacle)
i - a lumpy sapphire potion
s - 11 stones (gained 6)
There is an open door here.
You open the door.
There is an open door here.
A dart slug comes into view.
A rat comes into view.
One of your tentacles grows a vicious spike.
You now have 4/5 mp.
The dart slug misses you.
You tentacle-slap the dart slug. Your grab misses the dart slug.
Unknown command.
You tentacle-slap the dart slug. You grab the dart slug.
You pierce the dart slug.
You constrict the dart slug.
You kill the dart slug!
You see here a dart slug corpse.
You tentacle-slap the rat but do no damage.
Your grab misses the rat.
Your tentacle spike misses the rat.
Your squeeze misses the rat. The rat closely misses you.
Unknown command.
You tentacle-slap the rat but do no damage.
Your grab misses the rat.
Your transformation is almost over.
The rat misses you.
You barely miss the rat. Your grab misses the rat. The rat bites you.
You take 3 damage, and have 16/19 hp.
You closely miss the rat. You grab the rat.
You pierce the rat.
You kill the rat!
You have reached level 3!
Your experience leads to an increase in your attributes!
Increase (s)trength, (i)ntelligence, or (d)exterity?
You feel clever. x2
You regained 5 hp, and now have 21/24 hp.
Your tentacle spike disappears.
Health restored: 24; MP restored: 6 A gnoll is nearby!
One of your tentacles grows a vicious spike.
The gnoll shouts!
Your transformation is almost over.
You now have 5/6 mp.
The gnoll closely misses you.
Unknown command.
You tentacle-slap the gnoll but do no damage.
You grab the gnoll.
You constrict the gnoll, but do no damage.
The gnoll barely misses you.
You tentacle-slap the gnoll.
You pierce the gnoll.
You tentacle-slap the gnoll, but do no damage.
You squeeze the gnoll. You constrict the gnoll.
The gnoll hits you with a +0 club.
You take 2 damage, and have 22/24 hp.
You tentacle-slap the gnoll.
You kill the gnoll!
No target in view!
Your tentacle spike disappears.
Things that are here:
a +0 club; a gnoll corpse
Found an escape hatch in the floor.
Health restored: 24; MP restored: 6
There is an escape hatch in the floor here.
A kobold comes into view. It is wielding a +0 short sword.
A kobold is nearby!
One of your tentacles grows a vicious spike.
You now have 5/6 mp.
Unknown command.
The helpless kobold fails to defend itself.
You tentacle-slap the kobold.
You kill the kobold!
No target in view!
No target in view!
Your tentacle spike disappears.
You see here a +0 short sword.
j - a metallic pink potion MP restored: 6
Found a stone staircase leading down.
There is a stone staircase leading down here.
Done exploring.
Done exploring.
Okay, then.
Unknown command.
No target in view!
This is a scroll of acquirement!
Something appears before you! Something appears before you!
Something appears before you!
You now have 2846 gold pieces (gained 2815).
You have 2846 gold pieces.
Done exploring.
Done exploring.

#................##.##..#....
#...............)##.#...'....
#................##.#..##....
#############....##.....'....
#....####.###.... #....# #.#
#.... #....# #.# #....
####....####+###....
#..@..........##....
#.............##....
#.............##....
#.............######
#.............#
############.## ##### #.#
#...# #.#######
#...###.......#


There were no monsters in sight!

Vanquished Creatures
  A gnoll (D:1)
  2 dart slugs (D:1)
  2 endoplasms (D:1)
  A giant cockroach (D:1)
  2 goblins (D:1)
  A quokka (D:1)
  2 ball pythons (D:1)
  5 bats (D:1)
  A frilled lizard (D:1)
  2 kobolds (D:1)
  A rat (D:1)
20 creatures vanquished.

Notes
Turn   | Place    | Note
-------+----------+-------------------------------------------
     0 | D:1      | OTABOTABOTAB the Octopode Transmuter began the quest for
                  | the Orb.
     0 | D:1      | Reached XP level 1. HP: 13/13 MP: 3/3
   170 | D:1      | Reached XP level 2. HP: 17/18 MP: 3/5
   227 | D:1      | Learned a level 2 spell: Wereblood
   693 | D:1      | Reached XP level 3. HP: 21/24 MP: 4/6
   927 | D:1      | Identified 3 scrolls of acquirement
   927 | D:1      | Acquired 796 gold pieces
   928 | D:1      | Acquired 820 gold pieces
   929 | D:1      | Acquired 1199 gold pieces
   931 | D:1      | Quit the game

Illustrated notes

Levels and vault maps discovered:
D:1:      giann_bridges, layout_basic

Action                   || total
-------------------------++-------
Melee: Unarmed           ||    47
       Constrict         ||    17
       Kick              ||     5
       Tentacles         ||    11
       Punch             ||     1
Throw: Stone             ||     3
 Cast: Beastly Appendage ||     5
 Abil: End Transformatio ||     2
  Use: Scroll            ||     3
 Stab: Sleeping          ||     4
Armor: Skin              ||     5
Dodge: Dodged            ||    40

Table legend: (Time is in decaauts)
 A = Elapsed time spent in this place.
 B = Non-inter-level travel time spent in this place.
 C = Inter-level travel time spent in this place.
 D = Time resting spent in this place.
 E = Time spent auto-exploring this place.
 F = Levels seen in this place.
 G = Mean time per level.
                   A        B        C        D        E       F      G
               +--------+--------+--------+--------+--------+-----+--------+
         Total |    928 |    928 |      0 |      0 |    779 |   1 |  928.0 |
       Dungeon |    928 |    928 |      0 |      0 |    779 |   1 |  928.0 |
               +--------+--------+--------+--------+--------+-----+--------+

Top non-repeatable levels by time:
     D:1: 928 daAuts

Table legend:
 A = Kills in this place as a percentage of kills in entire the game.
 B = Kills by you in this place as a percentage of kills by you in the entire game.
 C = Kills by friends in this place as a percentage of kills by friends in the entire game.
 D = Other kills in this place as a percentage of other kills in the entire game.
 E = Experience gained in this place as a percentage of experience gained in the entire game.
 F = Experience gained in this place divided by the number of levels of this place that you have seen.
                   A       B       C       D       E      F
               +-------+-------+-------+-------+-------+----------------------
         Total | 100.0 | 100.0 |   N/A |   N/A | 100.0 |  50.0
       Dungeon | 100.0 | 100.0 |   N/A |   N/A | 100.0 |  50.0
               +-------+-------+-------+-------+-------+----------------------
